NCAA
NORTHWESTERN WILDCATS @ MIAMI HURRICANES
05/18/2023
 
TOP OF THE 1ST
Northwestern Wildcats batting - Pitching for Miami Hurricanes : LHP Mike Murray
Pitching: LHP Mike Murray
Batting: RHB Pablo Velásquez 0-0: Swinging Strike
0-1: Fly out, F9 (Flyball, 89M)
Batting: RHB John Miller 0-0: Foul Ball, location: 2F
0-1: Hit by Pitch
Batting: RHB Robbie Davis 0-0: Foul Ball, location: 2F
0-1: Ball
John Miller steals 2nd base
1-1: Foul Ball, location: 2F
1-2: Ball
2-2: Strikes out swinging
Batting: SHB Arnold Maddox 0-0: Called Strike
0-1: Swinging Strike
0-2: Strikes out swinging
Top of the 1st over - 0 run(s), 0 hit(s), 0 error(s), 1 left on base; Northwestern 0 - Miami 0
BOTTOM OF THE 1ST
Miami Hurricanes batting - Pitching for Northwestern Wildcats : RHP Juan Contreras
Pitching: RHP Juan Contreras
Batting: RHB Bryan MacGuffie 0-0: Ball
1-0: Ball
2-0: Bunt for hit - play at first, batter OUT! 1-3
Batting: RHB Ken MacDonald 0-0: Called Strike
0-1: Called Strike
0-2: Strikes out swinging
Batting: RHB Roberto Tobías 0-0: Called Strike
0-1: Ball
1-1: Foul Ball, location: 2F
1-2: Foul Ball, location: 2F
1-2: Foul Ball, location: 2F
1-2: Ball
2-2: Ball
3-2: Base on Balls
Batting: RHB Edward Holloway 0-0: Swinging Strike
0-1: Swinging Strike
0-2: Ball
1-2: Ball
2-2: Ball
3-2: Ground out 6-3 (Groundball, 6M)
Bottom of the 1st over - 0 run(s), 0 hit(s), 0 error(s), 1 left on base; Northwestern 0 - Miami 0
TOP OF THE 2ND
Northwestern Wildcats batting - Pitching for Miami Hurricanes : LHP Mike Murray
Batting: RHB Truman Younger 0-0: Ball
1-0: Reached on Error, E4 (Popup, 3D)
Batting: RHB Howard Russell 0-0: Foul Ball, location: 2F
0-1: Ball
1-1: Called Strike
1-2: Strikes out swinging
Batting: RHB Bill Christian 0-0: Fly out, F3 (Popup, 3L)
Batting: RHB Andrés Ibáñez 0-0: Called Strike
0-1: Ball
1-1: Ball
2-1: Swinging Strike
2-2: Ball
3-2: Strikes out swinging
Top of the 2nd over - 0 run(s), 0 hit(s), 1 error(s), 1 left on base; Northwestern 0 - Miami 0
BOTTOM OF THE 2ND
Miami Hurricanes batting - Pitching for Northwestern Wildcats : RHP Juan Contreras
Batting: RHB Dwight Henderson 0-0: Called Strike
0-1: Foul Ball, location: 2F
0-2: Ball
1-2: Foul Ball, location: 2F
1-2: Ball
2-2: Strikes out swinging
Batting: LHB Juan Rocha 0-0: Called Strike
0-1: Ball
1-1: Ball
2-1: SINGLE (Line Drive, 56D)
Batting: SHB Will Davis 0-0: Fly out, F8 (Flyball, 78M)
Batting: RHB Gilbert Forbes 0-0: Ball
1-0: Ball
2-0: Ball
3-0: Called Strike
3-1: Base on Balls
Juan Rocha to second
Batting: RHB Nick Watts 0-0: Called Strike
0-1: Ball
1-1: Ground out 4-3 (Groundball, 4)
Bottom of the 2nd over - 0 run(s), 1 hit(s), 0 error(s), 2 left on base; Northwestern 0 - Miami 0
TOP OF THE 3RD
Northwestern Wildcats batting - Pitching for Miami Hurricanes : LHP Mike Murray
Batting: RHB Thomas Brennan 0-0: Ball
1-0: Ball
2-0: Ball
3-0: Base on Balls
Batting: RHB Pablo Velásquez 0-0: Ball
1-0: Foul Ball, location: 2F
1-1: Ball
2-1: Swinging Strike
2-2: Ball
3-2: Strikes out swinging
Batting: RHB John Miller 0-0: Ball
1-0: Foul Ball, location: 2F
1-1: Ball
2-1: Foul Ball, location: 2F
2-2: Foul Ball, location: 2F
2-2: Foul Ball, location: 2F
2-2: Strikes out swinging
Batting: RHB Robbie Davis 0-0: Foul Ball, location: 2F
0-1: Fly out, F9 (Line Drive, 9LM)
Top of the 3rd over - 0 run(s), 0 hit(s), 0 error(s), 1 left on base; Northwestern 0 - Miami 0
BOTTOM OF THE 3RD
Miami Hurricanes batting - Pitching for Northwestern Wildcats : RHP Juan Contreras
Batting: RHB Bryan MacGuffie 0-0: Swinging Strike
0-1: Called Strike
0-2: Strikes out swinging
Batting: RHB Ken MacDonald 0-0: Called Strike
0-1: Swinging Strike
0-2: Foul Ball, location: 2F
0-2: Foul Ball, location: 2F
0-2: Ball
1-2: Ball
2-2: Fly out, F8 (Flyball, 8LD)
Batting: RHB Roberto Tobías 0-0: Ball
1-0: Foul Ball, location: 2F
1-1: Ball
2-1: Called Strike
2-2: Ball
3-2: SINGLE (Flyball, 89S) - OUT at second base trying to stretch hit.
Bottom of the 3rd over - 0 run(s), 1 hit(s), 0 error(s), 0 left on base; Northwestern 0 - Miami 0
TOP OF THE 4TH
Northwestern Wildcats batting - Pitching for Miami Hurricanes : LHP Mike Murray
Batting: SHB Arnold Maddox 0-0: Called Strike
0-1: Swinging Strike
0-2: Foul Ball, location: 2F
0-2: Strikes out looking
Batting: RHB Truman Younger 0-0: Called Strike
0-1: Ground out 6-3 (Groundball, 6M)
Batting: RHB Howard Russell 0-0: Foul Ball, location: 2F
0-1: Swinging Strike
0-2: Ball
1-2: Ball
2-2: Strikes out swinging
Top of the 4th over - 0 run(s), 0 hit(s), 0 error(s), 0 left on base; Northwestern 0 - Miami 0
BOTTOM OF THE 4TH
Miami Hurricanes batting - Pitching for Northwestern Wildcats : RHP Juan Contreras
Batting: RHB Edward Holloway 0-0: Called Strike
0-1: Ball
1-1: Foul Ball, location: 2F
1-2: Ground out 4-3 (Groundball, 4)
Batting: RHB Dwight Henderson 0-0: Ground out U3 (Groundball, 3)
Batting: LHB Juan Rocha 0-0: Foul Ball, location: 2F
0-1: Fly out, F6 (Popup, 6)
Bottom of the 4th over - 0 run(s), 0 hit(s), 0 error(s), 0 left on base; Northwestern 0 - Miami 0
TOP OF THE 5TH
Northwestern Wildcats batting - Pitching for Miami Hurricanes : LHP Mike Murray
Batting: RHB Bill Christian 0-0: Ball
1-0: Ball
2-0: Foul Ball, location: 2F
2-1: Foul Ball, location: 2F
2-2: Foul Ball, location: 2F
2-2: Strikes out swinging
Batting: RHB Andrés Ibáñez 0-0: Called Strike
0-1: Swinging Strike
0-2: Ball
1-2: Strikes out looking
Batting: RHB Thomas Brennan 0-0: Swinging Strike
0-1: Ball
1-1: Called Strike
1-2: Fly out, F6 (Popup, 6MD)
Top of the 5th over - 0 run(s), 0 hit(s), 0 error(s), 0 left on base; Northwestern 0 - Miami 0
BOTTOM OF THE 5TH
Miami Hurricanes batting - Pitching for Northwestern Wildcats : RHP Juan Contreras
Batting: SHB Will Davis 0-0: Foul Ball, location: 2F
0-1: Foul Ball, location: 2F
0-2: Ball
1-2: Strikes out swinging
Batting: RHB Gilbert Forbes 0-0: Swinging Strike
0-1: Ground out 4-3 (Groundball, 4M)
Batting: RHB Nick Watts 0-0: Called Strike
0-1: Ball
1-1: Ground out 5-3 (Groundball, 5L)
Bottom of the 5th over - 0 run(s), 0 hit(s), 0 error(s), 0 left on base; Northwestern 0 - Miami 0
TOP OF THE 6TH
Northwestern Wildcats batting - Pitching for Miami Hurricanes : LHP Mike Murray
Batting: RHB Pablo Velásquez 0-0: Ball
1-0: Foul Ball, location: 2F
1-1: Swinging Strike
1-2: Strikes out swinging
Batting: RHB John Miller 0-0: Called Strike
0-1: Swinging Strike
0-2: Strikes out swinging
Batting: RHB Robbie Davis 0-0: Called Strike
0-1: Ball
1-1: Ball
2-1: Foul Ball, location: 2F
2-2: Ball
3-2: SINGLE (Groundball, 13) (infield hit)
Pitching: RHP Tomás Hurtado
Pinch Runner at 1st John Allen:
Batting: SHB Arnold Maddox 0-0: Fly out, F8 (Flyball, 8RM)
Top of the 6th over - 0 run(s), 1 hit(s), 0 error(s), 1 left on base; Northwestern 0 - Miami 0
BOTTOM OF THE 6TH
Miami Hurricanes batting - Pitching for Northwestern Wildcats : RHP Juan Contreras
Batting: RHB Bryan MacGuffie 0-0: Foul Ball, location: 2F
0-1: Ground out 3-1 (Groundball, 34)
Batting: RHB Ken MacDonald 0-0: Ball
1-0: Ball
2-0: Ball
3-0: Base on Balls
Batting: RHB Roberto Tobías 0-0: Grounds into double play, 5-4-3 (Groundball, 5L)
Bottom of the 6th over - 0 run(s), 0 hit(s), 0 error(s), 0 left on base; Northwestern 0 - Miami 0
TOP OF THE 7TH
Northwestern Wildcats batting - Pitching for Miami Hurricanes : RHP Tomás Hurtado
Batting: RHB Truman Younger 0-0: Ball
1-0: Swinging Strike
1-1: Fly out, F8 (Flyball, 8RM)
Batting: RHB Howard Russell 0-0: Ball
1-0: Called Strike
1-1: Foul Ball, location: 2F
1-2: Ball
2-2: DOUBLE (Line Drive, 5D)
Batting: RHB Bill Christian 0-0: Ball
1-0: SINGLE (Groundball, 4MD)
Howard Russell to third
Batting: RHB Andrés Ibáñez 0-0: Ball
1-0: Called Strike
1-1: Fly out, F8 (Flyball, 8LXD)
Runner from 3rd tags up, SCORES, no throw
Batting: RHB Thomas Brennan 0-0: Called Strike
0-1: Ball
1-1: Foul Ball, location: 2F
1-2: Ball
2-2: Strikes out swinging
Top of the 7th over - 1 run(s), 2 hit(s), 0 error(s), 1 left on base; Northwestern 1 - Miami 0
BOTTOM OF THE 7TH
Miami Hurricanes batting - Pitching for Northwestern Wildcats : RHP Juan Contreras
Batting: RHB Edward Holloway 0-0: Called Strike
0-1: Ground out 6-3 (Groundball, 6)
Pitching: RHP Alfredo García
Batting: RHB Dwight Henderson 0-0: Called Strike
0-1: Ball
1-1: Fly out, F7 (Flyball, 7M)
Batting: LHB Juan Rocha 0-0: Ground out 3-1 (Groundball, 34)
Bottom of the 7th over - 0 run(s), 0 hit(s), 0 error(s), 0 left on base; Northwestern 1 - Miami 0
TOP OF THE 8TH
Northwestern Wildcats batting - Pitching for Miami Hurricanes : RHP Tomás Hurtado
Batting: RHB Pablo Velásquez 0-0: Called Strike
0-1: Fly out, F4 (Popup, 4)
Batting: RHB John Miller 0-0: Foul Ball, location: 2F
0-1: Ball
1-1: SINGLE (Groundball, 34S)
Batting: LHB John Allen 0-0: Grounds into double play, 2-6-3 (Groundball, 2R)
Top of the 8th over - 0 run(s), 1 hit(s), 0 error(s), 0 left on base; Northwestern 1 - Miami 0
BOTTOM OF THE 8TH
Miami Hurricanes batting - Pitching for Northwestern Wildcats : RHP Alfredo García
Pitching: RHP Harlan Bruce
Batting: SHB Will Davis 0-0: Called Strike
0-1: Ball
1-1: Ball
2-1: Ball
3-1: Base on Balls
Batting: RHB Gilbert Forbes 0-0: Sac Bunt - play at first, batter safe!
Will Davis to second
Batting: RHB Nick Watts 0-0: Bunted foul
0-1: Sac Bunt - play at first, batter OUT! 5-4
Will Davis to third
Gilbert Forbes to second
Batting: RHB Bryan MacGuffie 0-0: Fly out, F4 (Popup, 34)
Batting: RHB Ken MacDonald 0-0: Ball
1-0: Ball
2-0: Ball
3-0: Base on Balls
Batting: RHB Roberto Tobías 0-0: Swinging Strike
0-1: Swinging Strike
0-2: Ball
1-2: Foul Ball, location: 2F
1-2: Ball
2-2: Ball
3-2: Fly out, F8 (Flyball, 8RM)
Bottom of the 8th over - 0 run(s), 1 hit(s), 0 error(s), 3 left on base; Northwestern 1 - Miami 0
TOP OF THE 9TH
Northwestern Wildcats batting - Pitching for Miami Hurricanes : RHP Tomás Hurtado
Batting: SHB Arnold Maddox 0-0: Ball
1-0: Swinging Strike
1-1: Ball
2-1: Fly out, F7 (Flyball, 7M)
Batting: RHB Truman Younger 0-0: Called Strike
0-1: Foul Ball, location: 2F
0-2: Strikes out looking
Batting: RHB Howard Russell 0-0: Ball
1-0: Foul Ball, location: 2F
1-1: Foul Ball, location: 2F
1-2: Strikes out looking
Top of the 9th over - 0 run(s), 0 hit(s), 0 error(s), 0 left on base; Northwestern 1 - Miami 0
BOTTOM OF THE 9TH
Miami Hurricanes batting - Pitching for Northwestern Wildcats : RHP Harlan Bruce
Pitching: RHP Ken Ferguson
Batting: RHB Edward Holloway 0-0: Swinging Strike
0-1: Foul Ball, location: 2F
0-2: Foul Ball, location: 2F
0-2: Foul Ball, location: 2F
0-2: Foul Ball, location: 2F
0-2: Strikes out swinging
Batting: RHB Dwight Henderson 0-0: Foul Ball, location: 2F
0-1: Fly out, F4 (Popup, 4)
Batting: LHB Juan Rocha 0-0: Called Strike
0-1: Ball
1-1: Ball
2-1: Fly out, F7 (Line Drive, 7M)
Bottom of the 9th over - 0 run(s), 0 hit(s), 0 error(s), 0 left on base; Northwestern 1 - Miami 0
This league is powered by Out of the Park Baseball, the baseball management simulation game for PC, Mac and Linux
Wednesday, December 2nd, 2015 - OOTP Baseball 16.8 Build 38